 Dungeon Crawl Stone Soup version 0.20.0-15-g7f486f2 (webtiles) character file.

3399 KleinerIrrer the Archer (level 10, -19/60 HPs)
             Began as a Gargoyle Hunter on June 25, 2017.
             Was an Initiate of Cheibriados.
             Demolished by a two-headed ogre
             ... wielding a +0 giant club
              (25 damage)
             ... on level 8 of the Dungeon.
             The game lasted 00:19:46 (7574 turns).

KleinerIrrer the Archer (Gargoyle Hunter)           Turns: 7574, Time: 00:19:47

Health: -19/60     AC: 14    Str: 18    XL:     10   Next: 4%
Magic:  10/10      EV: 18    Int: 12    God:    Cheibriados [......]
Gold:   294        SH:  0    Dex: 19    Spells: 9/9 levels left

rFire    . . .     SeeInvis +   A - +3 dire flail (holy)
rCold    + . .     Gourm    .   (shield currently unavailable)
rNeg     + . .     Faith    .   B - +0 scale mail
rPois    ∞         Spirit   .   (no helmet)
rElec    +         Reflect  .   (no cloak)
rCorr    .         Harm     .   (no gloves)
MR       .....                  (no boots)
Stlth    +++.......             (no amulet)
Regen    0.2/turn               t - ring of see invisible
MPRegen  0.2/turn               F - ring of protection from cold

@: agile, very slow
A: negative energy resistance 1, electricity resistance, unbreathing,
petrification resistance, rot immunity, AC +7
a: Bend Time, Renounce Religion


You were on level 8 of the Dungeon.
You worshipped Cheibriados.
Cheibriados was noncommittal.
You were not hungry.

You visited 2 branches of the dungeon, and saw 9 of its levels.

You collected 334 gold pieces.
You spent 40 gold pieces at shops.

Inventory:

Hand Weapons
 a - a +2 shortbow
 x - a cursed -3 halberd
 y - a +2 short sword of speed
 A - a +3 dire flail of holy wrath (weapon)
Missiles
 z - 155 arrows
Armour
 B - a +0 scale mail (worn)
Jewellery
 t - a ring of see invisible (left hand)
 F - a ring of protection from cold (right hand)
Wands
 d - a wand of flame (15/48)
 s - a wand of confusion (48/48)
 G - a wand of polymorph (13/24)
Scrolls
 c - 2 scrolls of identify
 e - 3 scrolls of remove curse
 g - 3 scrolls of amnesia
 h - 3 scrolls of enchant armour {unknown}
 i - a scroll of enchant weapon
 m - 2 scrolls of random uselessness
 o - 3 scrolls of recharging
 q - a scroll of blinking
 C - 2 scrolls of magic mapping
 D - a scroll of fog {unknown}
 E - a scroll of teleportation
Potions
 b - a potion of mutation {unknown}
 r - a potion of might {unknown}
 u - 2 potions of ambrosia
 v - 3 potions of curing {unknown}
 w - 2 potions of flight
Comestibles
 f - 13 bread rations
 k - 3 royal jellies
 n - 7 fruits
 p - 3 meat rations


   Skills:
 + Level 6.2 Fighting
   Level 0.1 Axes
 + Level 9.7 Bows
 * Level 5.9 Armour
 * Level 4.8 Dodging
 * Level 6.1 Stealth


You had 9 spell levels left.
You didn't know any spells.

Dungeon Overview and Level Annotations

Branches:
Dungeon (8/15)             Temple (1/1) D:7
   Lair: D:8-11

Altars:
Ashenzari
Cheibriados
Dithmenos
Elyvilon
Fedhas
Gozag
Qazlal
Sif Muna
Uskayaw
The Shining One

Shops:
D:6 *


Innate Abilities, Weirdness & Mutations

You are resistant to torment.
Your stone body is resilient. (AC +7)
You are immune to poison.
You resist negative energy. (rN+)
You are resistant to electric shocks. (rElec)
You can survive without breathing.
You are immune to petrification.
You are immune to rotting.


Message History

The two-headed ogre hits you with a giant spiked club!
* * * LOW HITPOINT WARNING * * *
You are too injured to fight recklessly!
You feel much better.
Okay, then.
Your +3 dire flail of holy wrath softly glows with a divine radiance!
A - a +3 dire flail of holy wrath (weapon)
The two-headed ogre hits you with a giant club.
The two-headed ogre hits you with a giant spiked club!!
* * * LOW HITPOINT WARNING * * *
You hit the two-headed ogre.
The two-headed ogre is moderately wounded.
The two-headed ogre hits you with a giant club.
* * * LOW HITPOINT WARNING * * *
The two-headed ogre completely misses you.
You feel agile all of a sudden.
You puncture the two-headed ogre!
The two-headed ogre is heavily wounded.
The two-headed ogre hits you with a giant club!!
You die...

#.# #.# #.#.## ##
#. #.# #.##.###.
#.# #.....#.. #.#
#.>....#. #.#
#..###### #.#####
#..# #
####.....####..##
#.#..###.#.##...#
#..@# #>.#.....#
#.#.O###)###....#
####.(...#
##..######
#...(..###.........
#....##.#.#.#######
####....###.##.#
#.........#.##.#
#...........##.#
##.........####.#


You could see a two-headed ogre.

Vanquished Creatures
  A troll (D:7)
  A spriggan (D:7)
  Eustachio (D:4)
  Menkaure (D:3)
  Edmund (D:4)
  Duvessa (D:5)
  An ice beast (D:8)
  A sky beast (D:7)
  A phantom (D:4)
  6 ogres
  4 centaurs
  Blork the orc (D:5)
  Dowan (D:5)
  2 scorpions
  3 howler monkeys
  A bullfrog zombie (D:5)
  A crimson imp (D:7)
  2 jellies
  3 orc priests
  2 centaur skeletons
  5 hounds
  4 bullfrog skeletons
  Terence (D:3)
  An iguana (D:7)
  5 orc wizards
  6 worker ants
  11 adders
  4 gnolls (D:8)
  A shadow imp (D:8)
  2 oozes
  An adder zombie (D:6)
  4 worms
  A dart slug (D:2)
  3 leopard geckos
  16 orcs
  5 bats
  4 giant cockroaches
  8 goblins
  9 hobgoblins
  8 jackals
  7 kobolds
  4 quokkas
  4 ball pythons
  4 frilled lizards
  A jackal skeleton (D:4)
  9 rats
163 creatures vanquished.

Notes
Turn   | Place    | Note
-------+----------+-------------------------------------------
     0 | D:1      | KleinerIrrer the Gargoyle Hunter began the quest for the Orb.
     0 | D:1      | Reached XP level 1. HP: 12/12 MP: 1/1
   155 | D:1      | Reached XP level 2. HP: 17/17 MP: 2/2
   492 | D:2      | Reached XP level 3. HP: 18/22 MP: 3/3
   620 | D:2      | Reached skill level 1 in Armour
   750 | D:2      | Reached XP level 4. HP: 21/27 MP: 4/4
  1060 | D:2      | Reached skill level 5 in Bows
  1306 | D:2      | Reached XP level 5. HP: 22/32 MP: 5/5
  1467 | D:3      | Found a faded altar of an unknown god.
  1497 | D:3      | Noticed Terence
  1521 | D:3      | Killed Terence
  1724 | D:3      | Found a shattered altar of Ashenzari.
  1956 | D:3      | Found a hide-covered altar of Uskayaw.
  2140 | D:3      | Reached XP level 6. HP: 37/37 MP: 6/6
  2639 | D:4      | Reached skill level 6 in Bows
  2878 | D:4      | Reached XP level 7. HP: 41/41 MP: 7/7
  2938 | D:4      | Noticed Eustachio
  2957 | D:4      | Killed Eustachio
  3107 | D:4      | Noticed Menkaure
  3118 | D:4      | Noticed Edmund
  3366 | D:3      | Killed Menkaure
  3366 | D:3      | Reached skill level 7 in Bows
  3366 | D:3      | Reached XP level 8. HP: 26/48 MP: 8/8
  3538 | D:4      | Killed Edmund
  4241 | D:5      | Entered Level 5 of the Dungeon
  4469 | D:5      | Noticed Duvessa
  4470 | D:5      | Noticed Dowan
  4485 | D:5      | Killed Duvessa
  4501 | D:5      | Killed Dowan
  4501 | D:5      | Reached skill level 8 in Bows
  4523 | D:5      | Reached skill level 5 in Fighting
  4553 | D:5      | Found a blossoming altar of Fedhas.
  4737 | D:5      | Noticed Blork the orc
  4768 | D:5      | Killed Blork the orc
  4768 | D:5      | Reached XP level 9. HP: 26/54 MP: 9/9
  5392 | D:6      | Reached skill level 5 in Stealth
  5461 | D:6      | Found Miunulex's Assorted Antiques.
  5567 | D:6      | Bought a scroll of identify for 40 gold pieces
  5611 | D:6      | Reached skill level 5 in Armour
  6185 | D:7      | Reached skill level 9 in Bows
  6324 | D:7      | Noticed a troll
  6348 | D:7      | Killed a troll
  6975 | D:7      | Found a staircase to the Ecumenical Temple.
  6985 | Temple   | Entered the Ecumenical Temple
  6999 | Temple   | Became a worshipper of Cheibriados the Contemplative
  7018 | D:7      | Found an opulent altar of Gozag.
  7419 | D:8      | Reached XP level 10. HP: 60/60 MP: 10/10
  7562 | D:8      | Noticed a two-headed ogre
  7574 | D:8      | Demolished by a two-headed ogre

Skill      XL: |  1  2  3  4  5  6  7  8  9 |
---------------+----------------------------+-----
Armour         | 1 2 3 4 5 |  5.9
Bows           | 5 6 7 8 9 |  9.7
Dodging        | 2 3 4 |  4.8
Fighting       | 3 4 5 6 |  6.2
Stealth        | 2 3 4 6 |  6.1
Axes           | |  0.1

Action                   |  1- 3 |  4- 6 |  7- 9 | 10-12 || total
-------------------------+-------+-------+-------+-------++-------
Melee: Short sword       |       |    14 |    34 |       ||    48
       Hand axe          |       |    26 |    16 |       ||    42
       Dire flail        |       |       |       |     2 ||     2
 Fire: Shortbow          |    97 |   158 |   468 |    29 ||   752
  Use: Scroll            |       |       |    12 |       ||    12
       Potion            |       |       |     8 |     2 ||    10
  Eat: Chunk             |       |     6 |     9 |     1 ||    16
       Bread ration      |       |       |     1 |       ||     1
Armor: Leather armour    |    15 |    46 |    35 |       ||    96
       Scale mail        |       |       |    99 |     4 ||   103
Dodge: Dodged            |    19 |    65 |   153 |     8 ||   245
